 Dungeon Sprint DCSS version 0.24.0-1-gfbc8707 (webtiles) character file.

Game seed: 1802615557179436271, levelgen mode: deterministic

1500000 Fang the Warrior (level 14, -3/136 HPs)
             Began as a Demonspawn Gladiator on Oct 25, 2019.
             Was a Follower of Makhleb.
             Slain by a meat berserker
             ... wielding a +9 battleaxe
              (51 damage)
             ... in the Dungeon (Sprint VIII: "Arena of Blood").
             The game lasted 00:00:17 (15 turns).

Fang the Warrior (Demonspawn Gladiator)               Turns: 15, Time: 00:00:18

Health: -3/136     AC:  8    Str: 20    XL:     14   Next: 80%
Magic:  0/14       EV: 25    Int:  9    God:    Makhleb [*.....]
Gold:   0          SH:  0    Dex: 15    Spells: 13/13 levels left

rFire    . . .     SeeInvis .   l - +∞ Axe of Woe
rCold    . . .     Gourm    .   (shield currently unavailable)
rNeg     . . .     Faith    .   b - +0 leather armour
rPois    .         Spirit   +   c - +0 helmet
rElec    +         Reflect  .   (no cloak)
rCorr    .         Harm     .   (no gloves)
MR       +....     NoTele   +   (no boots)
Stlth    +.........             (no amulet)
HPRegen  0.32/turn              (no ring)
MPRegen  0.28/turn              (no ring)

@: no status effects
A: talons 1, thin metallic scales 3, spiny 2, magic shield, magic regeneration
a: Renounce Religion


You were in the Dungeon.
You worshipped Makhleb.
Makhleb was aware of your devotion.
You were not hungry.

You visited 1 branch

Inventory:

Hand Weapons
 a - a +0 war axe
 l - the +∞ Axe of Woe (weapon)
   (You found it in the Dungeon)
Missiles
 d - 3 throwing nets (quivered)
Armour
 b - a +0 leather armour (worn)
 c - a +0 helmet (worn)
Scrolls
 k - a scroll of blinking
Potions
 e - a potion of curing
 g - a potion of heal wounds
 h - a potion of haste
 i - 2 potions of magic
 j - a potion of berserk rage
Comestibles
 f - a ration


   Skills:
 + Level 20.3 Fighting
 + Level 19.0 Axes
 + Level 19.0 Throwing
 + Level 19.0 Dodging


You had 13 spell levels left.
You didn't know any spells.
Your spell library was empty.

Dungeon Overview and Level Annotations

Branches:
Dungeon (1/1)

Altars:
Makhleb


Innate Abilities, Weirdness & Mutations

You have sharp toenails.
You are completely covered in thin metallic scales. (AC +4, rElec)
You are mostly covered in sharp spines.
When hurt, damage is shared between your health and your magic reserves.
You regenerate magic rapidly.


Message History

You slice the bag of meat!!
You dissect the bag of meat like a pig carcass.
You kill the bag of meat!
Makhleb accepts your kill.
Your Fighting skill increases to level 20!
Your Axes skill increases to level 19!
Your Throwing skill increases to level 19!
Your Dodging skill increases to level 19!
You hear a shout! x5
A bag of meat comes into view. It is wielding a +9 war axe.
You hear a shout! x6
The meat berserker rages.
A bag of meat comes into view. It is wielding a +9 war axe.
You hear a shout! x4
Unknown command.
A bag of meat comes into view. It is wielding a +9 war axe.
The bag of meat shouts! x2; You hear a shout! x9
A bag of meat comes into view. It is wielding a +9 war axe.
The meat berserker hits you with a +9 battleaxe!!!
You die...

.... o... ..o..
... #.o. ..# .
#... ..# .
..###... ..###..
.......###....o..
........_........
#.@O..# #_O<._#
#..)..#
..o.._......
......###o.....
..###... ..###o .
#... ..# #... ..#
..... ..


You could see 2 meat berserkers and 5 bags of meat.

Vanquished Creatures
  2 ogres (D)
  An orc (D)
3 creatures vanquished.

Notes
Turn   | Place    | Note
-------+----------+-------------------------------------------
     0 | D        | Found the +∞ Axe of Woe
     0 | D        | Fang the Demonspawn Gladiator began the quest for the Orb.
     0 | D        | Reached XP level 1. HP: 16/16 MP: 1/1
     4 | D        | Became a worshipper of Makhleb the Destroyer
     6 | D        | Noticed a meat berserker
     6 | D        | Noticed a bag of meat
     8 | D        | Killed a meat berserker
     8 | D        | Reached skill level 16 in Fighting
     8 | D        | Reached skill level 15 in Axes
     8 | D        | Reached skill level 15 in Throwing
     8 | D        | Reached skill level 15 in Dodging
     8 | D        | Gained mutation: You are partially covered in thin metallic
                  | scales. (AC +2) [demonic ancestry]
     8 | D        | Reached XP level 2. HP: 15/46 MP: 2/2
     8 | D        | Gained mutation: You have sharp toenails. [demonic
                  | ancestry]
     8 | D        | Reached XP level 3. HP: 17/52 MP: 3/3
     8 | D        | Reached XP level 4. HP: 19/59 MP: 4/4
     8 | D        | Reached XP level 5. HP: 21/66 MP: 5/5
     8 | D        | Gained mutation: When hurt, damage is shared between your
                  | health and your magic reserves. [demonic ancestry]
     8 | D        | Reached XP level 6. HP: 24/73 MP: 6/6
     8 | D        | Reached XP level 7. HP: 26/79 MP: 7/7
     8 | D        | Gained mutation: You are partially covered in sharp spines.
                  | [demonic ancestry]
     8 | D        | Reached XP level 8. HP: 28/86 MP: 8/8
     8 | D        | Gained mutation: You are mostly covered in thin metallic
                  | scales. (AC +3) [demonic ancestry]
     8 | D        | Reached XP level 9. HP: 30/92 MP: 9/9
     8 | D        | Gained mutation: You are mostly covered in sharp spines.
                  | [demonic ancestry]
     8 | D        | Reached XP level 10. HP: 33/100 MP: 10/10
     8 | D        | Gained mutation: You regenerate magic rapidly. [demonic
                  | ancestry]
     8 | D        | Reached XP level 11. HP: 35/106 MP: 11/11
     8 | D        | Gained mutation: You are completely covered in thin
                  | metallic scales. (AC +4, rElec) [demonic ancestry]
     8 | D        | Reached XP level 12. HP: 37/113 MP: 12/12
     8 | D        | Reached XP level 13. HP: 39/119 MP: 13/13
     8 | D        | Noticed a bag of meat
     8 | D        | Noticed a meat berserker
     9 | D        | Noticed a bag of meat
    11 | D        | Noticed a meat berserker
    11 | D        | Noticed a bag of meat
    12 | D        | Killed a meat berserker
    12 | D        | Reached * piety under Makhleb
    12 | D        | Reached skill level 19 in Fighting
    12 | D        | Reached XP level 14. HP: 45/133 MP: 14/14
    12 | D        | Noticed a bag of meat
    13 | D        | Noticed a meat berserker
    14 | D        | Killed a bag of meat
    14 | D        | Reached skill level 20 in Fighting
    14 | D        | Noticed a bag of meat
    14 | D        | Noticed a bag of meat
    15 | D        | Noticed a bag of meat
    15 | D        | Noticed a bag of meat
    15 | D        | Slain by a meat berserker

Levels and vault maps discovered:
D:        meatsprint

Skill      XL: |  1  2  3  4  5  6  7  8  9 10 11 12 13 14 |
---------------+-------------------------------------------+-----
Fighting       | 16 19 20 | 20.3
Axes           | 15 18 19 | 19.0
Throwing       | 15 18 19 | 19.0
Dodging        | 15 18 19 | 19.0

Action                   |  1- 3 |  4- 6 |  7- 9 | 10-12 | 13-15 || total
-------------------------+-------+-------+-------+-------+-------++-------
Melee: Executioner's axe |     1 |       |       |       |     2 ||     3
